 Dungeon Crawl Stone Soup version 0.27-a0-1105-g946c659c87 (webtiles) character file.

Game seed: 5381058177794452239

12669 tsouns the Photosynthesist (level 11, -14/93 HPs)
             Began as a Demonspawn Delver on Apr 29, 2021.
             Was an Elder of Fedhas.
             Killed by an exploding ballistomycete spore (28 damage)
             ... set off by their pet
             ... on level 2 of the Lair of Beasts.
             The game lasted 00:23:40 (15611 turns).

tsouns the Photosynthesist (Demonspawn Delver)     Turns: 15611, Time: 00:23:42

Health: -14/93     AC: 12    Str: 12    XL:     11   Next: 65%
Magic:  0/20       EV: 14    Int: 21    God:    Fedhas [****..]
Gold:   595        SH:  0    Dex: 15    Spells: 3/10 levels left

rFire    . . .     SeeInvis +   b - +0 scimitar (flame)
rCold    . . .     Faith    .   (no shield)
rNeg     . . .     Spirit   +   J - +2 steam dragon scales
rPois    .         Reflect  +   (no helmet)
rElec    .         Harm     .   o - +2 cloak
rCorr    .         Rampage  .   (no gloves)
Will     .....                  t - +1 pair of boots
Stlth    +.........             j - amulet of reflection
HPRegen  0.25/turn              h - +6 ring of intelligence
MPRegen  0.34/turn              p - ring of see invisible

@: confused
A: repulsion field 1, magic shield, magic regeneration, condensation shield
a: Renounce Religion, Wall of Briars, Grow Ballistomycete, Overgrow


You were on level 2 of the Lair of Beasts.
You worshipped Fedhas.
Fedhas was greatly pleased with you.
You visited 2 branches of the dungeon, and saw 11 of its levels.

You collected 595 gold pieces.

Inventory:

Hand Weapons
 a - a +1 falchion
 b - a +0 scimitar of flaming (weapon)
 v - a +0 scimitar
 z - a +2 long sword
Missiles
 m - 4 javelins
 n - 16 poisoned darts (quivered)
 F - 3 throwing nets
Armour
 o - a +2 cloak (worn)
 t - a +1 pair of boots (worn)
 J - +2 steam dragon scales (worn)
Jewellery
 h - a +6 ring of intelligence (left hand)
 j - an amulet of reflection (around neck)
 p - a ring of see invisible (right hand)
 u - a ring of fire
 x - a ring of protection from fire
 B - a ring of willpower
Wands
 e - a wand of paralysis (1)
 g - a wand of digging (3)
 A - a wand of acid (1)
 G - a wand of iceblast (16)
 H - a wand of charming (7)
Scrolls
 c - 3 scrolls of fog
 d - 6 scrolls of magic mapping
 r - 4 scrolls of teleportation
 y - 2 scrolls of amnesia
 D - 7 scrolls of identify
 K - a scroll of enchant weapon
Potions
 f - a potion of lignification
 k - 3 potions of mutation
 q - a potion of resistance
 s - 4 potions of curing
 E - a potion of ambrosia
 I - a potion of haste


   Skills:
 + Level 11.4 Fighting
 * Level 11.1 Long Blades
 - Level 1.7 Dodging
 - Level 4.5 Stealth
 + Level 12.0 Invocations


You had 3 spell levels left.
You knew the following spells:

 Your Spells              Type           Power      Damage    Failure   Level
a - Corona                Hex            0%         N/A       19%         1
b - Invisibility          Hex            0%         N/A       100%        6

Your spell library contained the following spells:

 Spells                   Type           Power      Damage    Failure   Level
 Apportation              Tloc           0%         N/A       19%         1
 Ensorcelled Hibernation  Hex/Ice        0%         N/A       26%         2
 Static Discharge         Conj/Air       0%         N/A       26%         2
 Confusing Touch          Hex            0%         N/A       47%         3
 Dazzling Flash           Conj/Hex       0%         N/A       47%         3
 Lesser Beckoning         Tloc           0%         N/A       47%         3
 Tukima's Dance           Hex            0%         N/A       47%         3
 Alistair's Intoxication  Tmut/Pois      0%         N/A       99%         5


Dungeon Overview and Level Annotations

Branches:
Dungeon (9/15)             Temple (0/1) D:6            Lair (1/6) D:9
    Orc: D:9-12

Altars:
Dithmenos
Fedhas
Kikubaaqudgha
Sif Muna
Trog
Uskayaw
Vehumet
Wu Jian

Shops:
D:4 *   D:5 [

Annotations:
D:4 Pikel
D:5 2 transporters, emiel's ghost, novice DsDe
D:8 1 runed translucent door, Verendum's ghost, novice OpFi


Innate Abilities, Weirdness & Mutations

You are surrounded by a mild repulsion field. (EV +2)
When hurt, damage is shared between your health and your magic reserves.
You regenerate magic rapidly.
A meltable shield of frost defends you. (SH +4)


Message History

The centaur is severely wounded.
You hear a bellow!
Unknown command.
Aiming: Iceblast
Press: ? - help, Shift-Dir - straight line The mass of ice explodes!
The iceblast engulfs the centaur!
You kill the centaur!
Fedhas appreciates your contribution to the ecosystem.
You hear a bellow!
Unknown command.
A bullfrog comes into view.
A yak comes into view.
A centaur comes into view.
A yak comes into view.
The centaur wields a +0 shortbow.
The centaur shoots an arrow.
The arrow hits you.
* * * LOW HITPOINT WARNING * * *
The centaur shoots an arrow.
The arrow hits your ballistomycete spore!
A ballistomycete spore comes into view.
Unknown command.
Aiming: Iceblast
Press: ? - help, Shift-Dir - straight line Fedhas protects your plant from harm.
The mass of ice explodes!
The iceblast engulfs the yak.
The yak is lightly wounded.
The iceblast engulfs the centaur!
The centaur is severely wounded.
The iceblast engulfs the yak!
The yak is moderately wounded.
You hear a bellow!
A yak comes into view.
Your ballistomycete spore explodes!
The bullfrog appears confused.
The explosion of spores engulfs the bullfrog!!!
You kill the bullfrog!
Fedhas appreciates your contribution to the ecosystem.
Fedhas protects your plant from harm. The explosion of spores engulfs you!!
You are confused.
You die...
Fedhas appreciates your contribution to the ecosystem.

.. ♣. .♣♣♣.
♣.P...P .......
.......♣# .....
..# ###
......#.###@#
......#.##†###
.......§†)P..##..
......).....*.....
....#c)Y.†P.......
<....Y...#.[......
....Y.....#.......
..................
.......##.........


You could see 3 yaks, a centaur and a friendly ballistomycete (summoned, very
poisoned).

Vanquished Creatures
  Harold (D:7)
  A hydra (Lair:1)
  Erolcha (D:9)
  Maurice (D:9)
  2 cane toads
  2 komodo dragons
  A hornet (D:8)
  10 blink frogs
  Grinder (D:4)
  Sigmund (D:3)
  3 wyverns
  A wraith (D:9)
  5 yaks
  2 basilisks (D:9)
  A steam dragon (D:9)
  An acid dragon (D:9)
  6 water moccasins
  A sky beast (D:8)
  A black bear (Lair:1)
  3 orc warriors
  3 necrophages
  6 wolves (Lair:1)
  2 ogres
  A phantom (D:5)
  4 centaurs
  7 bullfrogs
  A scorpion (D:6)
  A water moccasin zombie (D:5)
  6 killer bees (D:9)
  10 wights
  2 howler monkeys (D:7)
  A centaur zombie (D:8)
  A bullfrog zombie (D:5)
  A hound (D:5)
  A jelly (D:4)
  2 orc priests
  Natasha (thrice) (D:4)
  7 orc wizards
  An iguana (D:5)
  A killer bee zombie (D:7)
  A mummy (D:8)
  A howler monkey zombie (D:8)
  4 gnolls (D:3)
  A howler monkey skeleton (D:7)
  8 adders
  A shadow imp (D:7)
  A white imp (D:8)
  An adder skeleton (D:4)
  A worm (D:3)
  A dart slug (D:4)
  16 orcs
  2 bats
  8 endoplasms
  6 giant cockroaches
  7 goblins
  6 hobgoblins
  12 jackals
  2 quokkas (D:2)
  5 ball pythons
  6 frilled lizards
  2 hobgoblin zombies (D:8)
  5 kobolds
  2 orc zombies (D:8)
  6 rats
211 creatures vanquished.

Vanquished Creatures (collateral kills)
  Erica (Lair:1)
  18 ballistomycete spores
19 creatures vanquished.

Vanquished Creatures (others)
  2 demonic plants (D:3)
  7 fungi
  18 plants
  A withered plant (D:3)
28 creatures vanquished.

Grand Total: 258 creatures vanquished

Notes
Turn   | Place    | Note
-------+----------+-------------------------------------------
     0 | D:5      | tsouns the Demonspawn Delver began the quest for the Orb.
     0 | D:5      | Reached XP level 1. HP: 18/18 MP: 1/1
    65 | D:5      | Found Sika's Armour Emporium.
   421 | D:1      | Gained mutation: You regenerate magic rapidly. [demonic
                  | ancestry]
   421 | D:1      | Reached XP level 2. HP: 24/24 MP: 2/2
   522 | D:1      | Learned a level 1 spell: Corona
  1365 | D:2      | Reached XP level 3. HP: 28/30 MP: 3/3
  2385 | D:3      | Gained mutation: When hurt, damage is shared between your
                  | health and your magic reserves. [demonic ancestry]
  2385 | D:3      | Reached XP level 4. HP: 37/37 MP: 4/4
  2493 | D:3      | Found a faded altar of an unknown god.
  2501 | D:3      | Became a worshipper of Fedhas Madash
  2501 | D:3      | Reached * piety under Fedhas
  2524 | D:3      | Noticed Sigmund
  2569 | D:3      | HP: 1/37 [something (4)]
  2570 | D:3      | Killed Sigmund
  2571 | D:3      | Reached skill level 5 in Fighting
  2571 | D:3      | Reached XP level 5. HP: 1/44 MP: 1/5
  3144 | D:3      | Found an ornate altar of the Wu Jian Council.
  3170 | D:3      | Gained mutation: You are surrounded by a mild repulsion
                  | field. (EV +2) [demonic ancestry]
  3170 | D:3      | Reached XP level 6. HP: 41/51 MP: 3/6
  3579 | D:4      | Noticed Pikel
  3745 | D:4      | Noticed Grinder
  3768 | D:4      | Paralysed by Grinder for 5 turns
  3784 | D:4      | Killed Grinder
  4004 | D:4      | Reached skill level 5 in Long Blades
  4006 | D:4      | Reached ** piety under Fedhas
  4137 | D:4      | Noticed Natasha
  4151 | D:4      | Killed Natasha
  4152 | D:4      | Reached XP level 7. HP: 39/58 MP: 5/7
  4439 | D:4      | Noticed Natasha
  4451 | D:4      | Killed Natasha
  4478 | D:4      | Noticed Natasha
  4490 | D:4      | Killed Natasha
  4668 | D:4      | Found Tofaum's General Store.
  5223 | D:5      | Found a transporter.
  5234 | D:5      | Noticed emiel's ghost (novice DsDe)
  5299 | D:5      | Reached skill level 1 in Invocations
  5435 | D:5      | Reached skill level 2 in Invocations
  5843 | D:5      | Reached XP level 8. HP: 67/67 MP: 8/10
  5871 | D:5      | Reached skill level 3 in Invocations
  6330 | D:5      | Found a transporter.
  6460 | D:5      | Reached skill level 4 in Invocations
  6759 | D:6      | Reached skill level 5 in Invocations
  7054 | D:6      | Reached *** piety under Fedhas
  7330 | D:6      | Reached skill level 6 in Invocations
  7545 | D:6      | Gained mutation: A meltable shield of frost defends you.
                  | (SH +4) [demonic ancestry]
  7545 | D:6      | Reached XP level 9. HP: 7/74 MP: 3/13
  7897 | D:6      | Found a staircase to the Ecumenical Temple.
  8711 | D:6      | Found a bloodstained altar of Trog.
  8731 | D:6      | Found a shimmering blue altar of Sif Muna.
  8734 | D:6      | Identified Sif Muna's Grimoire of Conjuration
  9148 | D:7      | Reached skill level 7 in Invocations
  9867 | D:7      | Found a shadowy altar of Dithmenos.
  9869 | D:7      | Found an ancient bone altar of Kikubaaqudgha.
 10122 | D:7      | Noticed Harold
 10133 | D:7      | Killed Harold
 10134 | D:7      | Reached skill level 8 in Invocations
 10454 | D:8      | Found a runed translucent door.
 10454 | D:8      | Noticed Verendum's ghost (novice OpFi)
 10455 | D:8      | Identified the +7 spear of Dawn {vorpal, MP-9 Dex+3}
 10457 | D:8      | Noticed a polar bear
 10588 | D:8      | Reached **** piety under Fedhas
 10697 | D:8      | Paralysed by a hornet for 2 turns
 10716 | D:8      | Reached skill level 9 in Invocations
 10716 | D:8      | Reached XP level 10. HP: 16/83 MP: 11/16
 11479 | D:8      | Found a radiant altar of Vehumet.
 11479 | D:8      | Found a hide-covered altar of Uskayaw.
 11711 | D:9      | Learned a level 6 spell: Invisibility
 12129 | D:9      | Noticed Maurice
 12132 | D:9      | Killed Maurice
 12133 | D:9      | Reached skill level 10 in Fighting
 12445 | D:9      | Noticed Erolcha
 12453 | D:9      | Killed Erolcha
 12454 | D:9      | Reached skill level 10 in Invocations
 13886 | D:9      | Found a staircase to the Lair.
 13916 | Lair:1   | Entered Level 1 of the Lair of Beasts
 13916 | Lair:1   | Noticed Erica
 13925 | Lair:1   | Killed Erica
 14151 | Lair:1   | Reached XP level 11. HP: 87/92 MP: 17/19
 14484 | Lair:1   | Reached skill level 11 in Invocations
 14487 | Lair:1   | Reached skill level 10 in Long Blades
 15130 | Lair:1   | Noticed a six-headed hydra
 15147 | Lair:1   | Killed a one-headed hydra
 15569 | Lair:1   | You fall into a shaft and drop 1 floor!
 15604 | Lair:2   | Reached skill level 12 in Invocations
 15611 | Lair:2   | Killed by an exploding ballistomycete spore... set off by
                  | their pet

Illustrated notes

Levels and vault maps discovered:
D:1:      lightli_arrival_maybe_door_vault, layout_basic, serial_glass,
          glass_columns_c, glass_columns_a, st_stairs_1, chequers_jeans
D:2:      layout_basic, minmay_pentomino_p2
D:3:      layout_basic, nzn_wu_jian_council_hall, shapermc_ecumenical_altar_gd,
          serial_glass, glass_columns_c, glass_columns_a, glass_columns_a,
          glass_columns_b, glass_columns_a, glass_columns_a,
          due_unseen_surprise, feat_on_display, kennysheep_potato, uniq_sigmund
D:4:      layout_gridville, serial_shops, shop, minmay_quadrilaterals,
          uniq_natasha, uniq_grinder, uniq_pikel
D:5:      layout_basic, gammafunk_ghost_gnarly_gnolls, serial_shops,
          nicolae_shop_crystal
D:6:      layout_basic, nzn_overflow_gifts_of_might_and_magic,
          minmay_temple_entry_fiery
D:7:      layout_gridville, nicolae_overflow_hidden_temple, uniq_harold
D:8:      layout_basic, gammafunk_temple_overflow_pools,
          ebering_ghost_funeral_grove, minmay_mini_ossuary
D:9:      layout_basic, erik_lair_dragon, uniq_erolcha, uniq_maurice
Lair:1:   layout_long_grid, chequers_serial_rivers_small_b, grunt_megastairs_2,
          uniq_gastronok, uniq_erica
Lair:2:   layout_hall_layers, minmay_shoals_entry_centaurs, spider_nest_entry_a,
          grunt_forest_small_clearing_treed, grunt_megastairs_1,
          serial_bayou_shore_a

Skill      XL: |  1  2  3  4  5  6  7  8  9 10 11 |
---------------+----------------------------------+-----
Long Blades    | 2 3 4 5 6 7 8 9 11 | 11.1
Fighting       | 4 5 6 7 8 9 10 11 | 11.4
Invocations    | 2 6 9 10 12 | 12.0
Dodging        | |  1.7
Stealth        | |  4.5

Action                   |  1- 3 |  4- 6 |  7- 9 | 10-12 || total
-------------------------+-------+-------+-------+-------++-------
Melee: Falchion          |   124 |   179 |   178 |       ||   481
       Scimitar          |       |       |    76 |   166 ||   242
       Long sword        |       |       |   248 |   155 ||   403
Throw: Javelin           |     2 |     4 |       |       ||     6
       Dart              |       |     5 |    21 |     6 ||    32
Invok: Grow Ballistomyce |       |       |       |     4 ||     4
       Wall of Briars    |       |       |       |     1 ||     1
Evoke: Wand              |       |       |    17 |    18 ||    35
  Use: Potion            |     1 |     4 |     1 |     2 ||     8
       Scroll            |     2 |     6 |     8 |     2 ||    18
 Stab: Sleeping          |    10 |       |     3 |     1 ||    14
       Paralysed         |       |       |     6 |     5 ||    11
       Confused          |       |       |       |     1 ||     1
Armor: Ring mail         |    52 |    38 |    47 |       ||   137
       Plate armour      |       |       |   196 |    69 ||   265
       Steam dragon scal |       |       |       |    54 ||    54
Dodge: Dodged            |    50 |    94 |   154 |   139 ||   437
Block: Other             |    14 |    36 |   155 |   137 ||   342
       Reflection        |       |     1 |       |     1 ||     2
       Rpst.: Falchion   |    14 |    37 |    32 |       ||    83
       Scimitar          |       |       |     6 |    38 ||    44
       Long sword        |       |       |    10 |     9 ||    19

Table legend: (Time is in decaauts)
 A = Elapsed time spent in this place.
 B = Non-inter-level travel time spent in this place.
 C = Inter-level travel time spent in this place.
 D = Time resting spent in this place.
 E = Time spent auto-exploring this place.
 F = Levels seen in this place.
 G = Mean time per level.
                   A        B        C        D        E       F      G
               +--------+--------+--------+--------+--------+-----+--------+
         Total |  15676 |  15383 |    293 |      0 |  12822 |  11 | 1425.1 |
       Dungeon |  14532 |  14239 |    293 |      0 |  11953 |   9 | 1614.7 |
          Lair |   1144 |   1144 |      0 |      0 |    869 |   2 |  572.0 |
               +--------+--------+--------+--------+--------+-----+--------+

Top non-repeatable levels by time:
     D:9: 2855 daAuts
     D:6: 2160 daAuts
     D:5: 1914 daAuts
     D:7: 1408 daAuts
     D:4: 1375 daAuts
     D:2: 1255 daAuts
     D:3: 1225 daAuts
     D:8: 1189 daAuts
     D:1: 1146 daAuts
  Lair:1: 1104 daAuts
  Lair:2: 39 daAuts
